 Dungeon Sprint DCSS version 0.30-a0-219-gf2db51d15e (webtiles) character file.

Game seed: 11361782124476847055

44 rocky1 the Trooper (level 3, -2/61 HPs)
             Began as an Ogre Warper on Oct 8, 2022.
             Was a Priest of Cheibriados.
             Slain by a gnoll
             ... wielding a +0 spear
             ... led by a gnoll sergeant
              (3 damage)
             ... in the Dungeon (Sprint VII: "The Pits").
             The game lasted 00:03:05 (673 turns).

rocky1 the Trooper (Ogre Warper)                     Turns: 673, Time: 00:03:06

Health: -2/61      AC:  3    Str: 24    XL:     3   Next: 60%
Magic:  8/8        EV: 10    Int: 21    God:    Cheibriados [***...]
Gold:   0          SH:  0    Dex: 15    Spells: 2/10 levels left

rFire   . . .      SeeInvis .    n - +1 flail (vorpal)
rCold   . . .      Faith    .    (no shield)
rNeg    . . .      Spirit   .    b - +0 robe
rPois   .          Reflect  .    (helmet restricted)
rElec   .          Harm     .    (no cloak)
rCorr   .          Rampage  .    (gloves unavailable)
Will    .....      NoTele   +    (boots unavailable)
Stlth   ..........               (no amulet)
HPRegen 0.30/turn                (no ring)
MPRegen 0.11/turn                (no ring)

@: berserking (expiring), very slow
A: large, unfitting armour, tough skin 1
a: Renounce Religion, Bend Time, Temporal Distortion


You were in the Dungeon.
You worshipped Cheibriados.
Cheibriados was most pleased with you.
You visited 1 branch

Inventory:

Hand Weapons
 n - a +1 vorpal flail (weapon)
Missiles
 d - 7 boomerangs of dispersal (quivered)
Armour
 b - a +0 robe (worn)
Scrolls
 c - 2 scrolls of blinking
 k - 5 scrolls of amnesia
 l - a scroll of summoning
Potions
 e - 4 potions of heal wounds
 f - 5 potions of curing
 h - 4 potions of magic
 i - a potion of berserk rage
 j - 2 potions of invisibility


   Skills:
 + Level 4.8 Fighting
 + Level 3.2 Maces & Flails
 - Level 1.0 Throwing
 - Level 2.1 Dodging
 + Level 4.1 Spellcasting
 + Level 3.9 Translocations
 + Level 2.8 Invocations


You had 2 spell levels left.
You knew the following spells:

 Your Spells              Type           Power      Damage    Failure   Level
a - Blink                 Tloc           40%        N/A       3%          2
b - Lesser Beckoning      Tloc           40%        N/A       7%          3
c - Teleport Other        Tloc           20%        N/A       7%          3

Your spell library contained the following spells:

 Spells                   Type           Power      Damage    Failure   Level
 Vhi's Electric Charge    Tloc/Air       24%        N/A       16%         3
 Manifold Assault         Tloc           20%        N/A       24%         4


Dungeon Overview and Level Annotations

Branches:
Dungeon (1/1)

Altars:
Ashenzari
Cheibriados
Dithmenos
Elyvilon
Fedhas
Gozag
Hepliaklqana
Kikubaaqudgha
Makhleb
Nemelex Xobeh
Okawaru
Qazlal
Ru
Sif Muna
Trog
Uskayaw
Vehumet
Wu Jian
Xom
Yredelemnul
Zin
The Shining One
Jiyva
Lugonu


Innate Abilities, Weirdness & Mutations

You are too large for most types of armour.
You have tough skin. (AC +1)


Message History

The gnoll sergeant blocks your attack.
The gnoll sergeant hits you with a +0 spear.
The gnoll barely misses you.
You sock the gnoll sergeant!
The gnoll sergeant is severely wounded.
The gnoll hits you from afar with a +0 spear.
The gnoll sergeant hits you with a +0 spear!
You sock the gnoll sergeant!
The gnoll sergeant is almost dead.
The gnoll barely misses you. The gnoll sergeant misses you.
A white imp comes into view.
The gnoll sergeant closely misses you.
The gnoll hits you from afar with a +0 spear.
You hit the gnoll sergeant but do no damage.
The gnoll sergeant is almost dead.
The gnoll misses you. The gnoll sergeant barely misses you.
You barely miss the gnoll sergeant.
The gnoll sergeant is almost dead.
The gnoll hits you from afar with a +0 spear.
The gnoll sergeant hits you with a +0 spear!
* * * LOW HITPOINT WARNING * * *
A gnoll comes into view. It is wielding a +0 whip.
You closely miss the gnoll sergeant.
The gnoll sergeant is almost dead.
The gnoll shouts!
The gnoll sergeant hits you with a +0 spear.
* * * LOW HITPOINT WARNING * * *
The gnoll hits you from afar with a +0 spear!
* * * LOW HITPOINT WARNING * * *
You hit the gnoll sergeant but do no damage.
The gnoll sergeant is almost dead.
The gnoll completely misses you.
The gnoll sergeant hits you with a +0 spear.
* * * LOW HITPOINT WARNING * * *
You thump the gnoll sergeant!
You kill the gnoll sergeant!
Cheibriados appreciates the change of pace.
The gnoll barely misses you.
The gnoll hits you from afar with a +0 spear.
You die...

##########'##.....
#.?(.')))'.##.....
##########.##.....
#...........'.....
#'#####'#####.....
#.#[[#..)).##.....
#.#))#####'#####'#
#)#))#.....##.....
#@#))#.)...##.....
#)#..###'####.....
#g##'#†....##...<.
#5#........##.....
#g#........##.....
#h###########.....


#gg ###### #5.# #.## You could see a black bear, 4 gnolls, a white imp and an
ufetubus.

Vanquished Creatures
  A gnoll sergeant (D)
  3 gnolls (D)
  An ufetubus (D)
  A worm (D)
  An orc (D)
  A bat (D)
  An endoplasm (D)
  A frilled lizard (D)
  A goblin (D)
11 creatures vanquished.

Notes
Turn   | Place    | Note
-------+----------+-------------------------------------------
     0 | D        | rocky1 the Ogre Warper began the quest for the Orb.
     0 | D        | Reached XP level 1. HP: 22/22 MP: 3/3
    20 | D        | Found a bloodstained altar of Trog.
    20 | D        | Found a shimmering blue altar of Sif Muna.
    20 | D        | Found a viscous altar of Jiyva.
    20 | D        | Found a hazy altar of Hepliaklqana.
    20 | D        | Found an opulent altar of Gozag.
    47 | D        | Found a glowing golden altar of the Shining One.
    47 | D        | Found a glowing silver altar of Zin.
    47 | D        | Found a basalt altar of Yredelemnul.
    47 | D        | Found a shimmering altar of Xom.
    47 | D        | Found an ornate altar of the Wu Jian Council.
    47 | D        | Found a sacrificial altar of Ru.
    47 | D        | Found a stormy altar of Qazlal.
    47 | D        | Found an iron altar of Okawaru.
    47 | D        | Found a sparkling altar of Nemelex Xobeh.
    47 | D        | Found a burning altar of Makhleb.
    47 | D        | Found a blossoming altar of Fedhas.
    47 | D        | Found a white marble altar of Elyvilon.
    47 | D        | Found a shadowy altar of Dithmenos.
    47 | D        | Found a snail-covered altar of Cheibriados.
    51 | D        | Found a corrupted altar of Lugonu.
    51 | D        | Found a radiant altar of Vehumet.
    52 | D        | Found a broken altar of Ashenzari.
    52 | D        | Found an ancient bone altar of Kikubaaqudgha.
    52 | D        | Found a hide-covered altar of Uskayaw.
    60 | D        | Became a worshipper of Cheibriados the Contemplative
    83 | D        | Reached skill level 1 in Invocations
    83 | D        | Reached XP level 2. HP: 22/32 MP: 6/6
    84 | D        | Reached * piety under Cheibriados
   228 | D        | Reached ** piety under Cheibriados
   353 | D        | HP: 1/32 [gnoll/+0 flail (11)]
   357 | D        | Reached XP level 3. HP: 7/40 MP: 8/8
   357 | D        | Reached *** piety under Cheibriados
   638 | D        | Learned a level 2 spell: Blink
   642 | D        | Learned a level 3 spell: Lesser Beckoning
   646 | D        | Learned a level 3 spell: Teleport Other
   654 | D        | Noticed a gnoll sergeant
   663 | D        | Noticed a black bear
   671 | D        | HP: 2/61 [gnoll/+0 spear[a gnoll sergeant] (8)]
   673 | D        | Killed a gnoll sergeant
   673 | D        | Slain by a gnoll

Illustrated notes

Levels and vault maps discovered:
D:        pitsprint [storerooms_1, entrance_room_1, metal_vault_7, armoury_3,
          mini_pit_1, grid_room_1, main_hall_1, silver_pit, the_coven_1,
          the_vestibule_1, steel_vault_2, golden_pit, hallway_of_sentries,
          crystal_vault_5, iron_vault_5, final_vault]

Skill      XL: |  1  2  3 |
---------------+----------+-----
Fighting       | 3 4 |  4.8
Maces & Flails | 2 3 |  3.2
Spellcasting   | 3 4 |  4.1
Translocations | 3 |  3.9
Invocations    | 1 2 |  2.8
Throwing       | |  1.0
Dodging        | |  2.1

Action                   || total
-------------------------++-------
Melee: Mace              ||    30
       Flail             ||     9
  Use: Potion            ||     5
 Stab: Sleeping          ||     1
Armor: Robe              ||     6
Dodge: Dodged            ||    31

Table legend: (Time is in decaauts)
 A = Elapsed time spent in this place.
 B = Non-inter-level travel time spent in this place.
 C = Inter-level travel time spent in this place.
 D = Time resting spent in this place.
 E = Time spent auto-exploring this place.
 F = Levels seen in this place.
 G = Mean time per level.
                   A        B        C        D        E       F      G
               +--------+--------+--------+--------+--------+-----+--------+
         Total |    740 |    709 |     31 |    467 |      0 |   1 |  740.0 |
       Dungeon |    740 |    709 |     31 |    467 |      0 |   1 |  740.0 |
               +--------+--------+--------+--------+--------+-----+--------+

Top non-repeatable levels by time:
       D: 740 daAuts
